PAAA
BANGOR TRIDENT BASE OGRES @ BAKERSFIELD NOBLES
07/04/2023
 
TOP OF THE 1ST
Bangor Trident Base Ogres batting - Pitching for Bakersfield Nobles : LHP Bryan Houston
Pitching: LHP Bryan Houston
Batting: SHB Juan Ortega 0-0: Foul Ball, location: 2F
0-1: Swinging Strike
0-2: Ball
1-2: Foul Ball, location: 2F
1-2: Strikes out looking
Batting: RHB Sang-yeon Kim 0-0: Called Strike
0-1: Ball
1-1: Foul Ball, location: 2F
1-2: Foul Ball, location: 2F
1-2: Ball
2-2: Ground out 4-3 (Groundball, 4M)
Batting: RHB Mike Lyon 0-0: Ball
1-0: Called Strike
1-1: Ground out 4-3 (Groundball, 4)
Top of the 1st over - 0 run(s), 0 hit(s), 0 error(s), 0 left on base; Bangor Trident Base 0 - Bakersfield 0
BOTTOM OF THE 1ST
Bakersfield Nobles batting - Pitching for Bangor Trident Base Ogres : RHP Bob Warford
Pitching: RHP Bob Warford
Batting: RHB Arnie Latham 0-0: Called Strike
0-1: Foul Ball, location: 2F
0-2: Strikes out swinging
Batting: RHB Manuel Villarreal 0-0: Ball
1-0: Ball
2-0: Called Strike
2-1: Ball
3-1: Base on Balls
Batting: RHB Ted Cook 0-0: Ground out 5-3 (Groundball, 5S)
Manuel Villarreal to second
Batting: LHB Jorge Pérez 0-0: Ball
1-0: Ball
2-0: Foul Ball, location: 2F
2-1: Fly out, F8 (Flyball, 8LM)
Bottom of the 1st over - 0 run(s), 0 hit(s), 0 error(s), 1 left on base; Bangor Trident Base 0 - Bakersfield 0
TOP OF THE 2ND
Bangor Trident Base Ogres batting - Pitching for Bakersfield Nobles : LHP Bryan Houston
Batting: RHB Tom Baker 0-0: Fly out, F5 (Popup, 5)
Batting: RHB Augusto Rocha 0-0: Ball
1-0: Called Strike
1-1: Foul Ball, location: 2F
1-2: Ball
2-2: Foul Ball, location: 2F
2-2: Ball
3-2: SINGLE (Line Drive, 8RS)
Batting: LHB Michael Smith 0-0: Ball
1-0: Called Strike
1-1: Ball
2-1: Ball
3-1: SINGLE (Line Drive, 8RS)
Augusto Rocha to second
Batting: RHB Luis Hernández 0-0: Ball
1-0: Called Strike
1-1: Grounds into double play, 6-4-3 (Groundball, 6)
Top of the 2nd over - 0 run(s), 2 hit(s), 0 error(s), 1 left on base; Bangor Trident Base 0 - Bakersfield 0
BOTTOM OF THE 2ND
Bakersfield Nobles batting - Pitching for Bangor Trident Base Ogres : RHP Bob Warford
Batting: LHB Gregg Young 0-0: Called Strike
0-1: Ball
1-1: Foul Ball, location: 2F
1-2: Strikes out looking
Batting: LHB Markus Richardson 0-0: Called Strike
0-1: Foul Ball, location: 2F
0-2: Foul Ball, location: 2F
0-2: Ball
1-2: Ball
2-2: Ground out 3-1 (Groundball, 34)
Batting: RHB Vincente Flores 0-0: Called Strike
0-1: Swinging Strike
0-2: Foul Ball, location: 2F
0-2: Strikes out swinging
Bottom of the 2nd over - 0 run(s), 0 hit(s), 0 error(s), 0 left on base; Bangor Trident Base 0 - Bakersfield 0
TOP OF THE 3RD
Bangor Trident Base Ogres batting - Pitching for Bakersfield Nobles : LHP Bryan Houston
Batting: SHB Bill Becker 0-0: Called Strike
0-1: Foul Ball, location: 2F
0-2: Ball
1-2: Ball
2-2: Strikes out swinging
Batting: RHB Gerardo Castillo 0-0: Ball
1-0: Ball
2-0: Ball
3-0: Called Strike
3-1: Swinging Strike
3-2: Foul Ball, location: 2F
3-2: SINGLE (Line Drive, 4D)
Batting: SHB Juan Ortega 0-0: Ball
1-0: Fly out, F9 (Flyball, 9S)
Batting: RHB Sang-yeon Kim 0-0: Foul Ball, location: 2F
0-1: Ball
1-1: Ground out 6-3 (Groundball, 56)
Top of the 3rd over - 0 run(s), 1 hit(s), 0 error(s), 1 left on base; Bangor Trident Base 0 - Bakersfield 0
BOTTOM OF THE 3RD
Bakersfield Nobles batting - Pitching for Bangor Trident Base Ogres : RHP Bob Warford
Batting: LHB Emery Miller 0-0: Ball
1-0: Ball
2-0: Ball
3-0: Base on Balls
Batting: SHB León Estrada 0-0: Ball
1-0: Called Strike
1-1: Swinging Strike
1-2: Ball
2-2: Ball
3-2: Base on Balls
Emery Miller to second
Batting: RHB Arnie Latham 0-0: Ball
1-0: Swinging Strike
1-1: Called Strike
1-2: Ball
2-2: Foul Ball, location: 2F
2-2: Ball
3-2: SINGLE (Line Drive, 8LS)
Emery Miller to third
León Estrada to second
Batting: RHB Manuel Villarreal 0-0: Called Strike
0-1: Ball
1-1: Foul Ball, location: 2F
1-2: Foul Ball, location: 2F
1-2: Ball
2-2: Foul Ball, location: 2F
2-2: Ball
3-2: Grounds into double play, 6-4-3 (Groundball, 6)
Emery Miller scores
León Estrada to third
Batting: RHB Ted Cook 0-0: Swinging Strike
0-1: Ball
1-1: Ball
2-1: SINGLE (Flyball, 78S)
León Estrada scores
Batting: LHB Jorge Pérez 0-0: Called Strike
0-1: Fly out, F9 (Flyball, 89M)
Bottom of the 3rd over - 2 run(s), 2 hit(s), 0 error(s), 1 left on base; Bangor Trident Base 0 - Bakersfield 2
TOP OF THE 4TH
Bangor Trident Base Ogres batting - Pitching for Bakersfield Nobles : LHP Bryan Houston
Batting: RHB Mike Lyon 0-0: Called Strike
0-1: Ball
1-1: Swinging Strike
1-2: Strikes out swinging
Batting: RHB Tom Baker 0-0: Ball
1-0: SINGLE (Line Drive, 8RS)
Batting: RHB Augusto Rocha 0-0: Fielders Choice at 2nd, 5-4 (Groundball, 5D)
Batting: LHB Michael Smith 0-0: Ball
1-0: Ball
2-0: Ball
3-0: Base on Balls
Augusto Rocha to second
Batting: RHB Luis Hernández 0-0: Foul Ball, location: 2F
0-1: Ball
1-1: Ball
2-1: Ball
3-1: Fly out, F8 (Flyball, 8RD)
Top of the 4th over - 0 run(s), 1 hit(s), 0 error(s), 2 left on base; Bangor Trident Base 0 - Bakersfield 2
BOTTOM OF THE 4TH
Bakersfield Nobles batting - Pitching for Bangor Trident Base Ogres : RHP Bob Warford
Batting: LHB Gregg Young 0-0: Ball
1-0: Ball
2-0: Ball
3-0: Base on Balls
Batting: LHB Markus Richardson 0-0: Ball
1-0: Called Strike
1-1: Ball
2-1: Foul Ball, location: 2F
2-2: Ball
3-2: Foul Ball, location: 2F
3-2: Fly out, F9 (Line Drive, 9M)
Batting: RHB Vincente Flores 0-0: Ball
1-0: Ball
2-0: Called Strike
2-1: DOUBLE (Flyball, 8RXD)
Gregg Young to third
Gregg Young scores
Batting: LHB Emery Miller 0-0: Called Strike
0-1: Ball
1-1: Foul Ball, location: 2F
1-2: Fly out, F8 (Flyball, 8LD)
Runner from 2nd tags up, SAFE at 3rd, no throw
Batting: SHB León Estrada Balk!
Vincente Flores scores
0-0: Ground out 6-3 (Groundball, 6M)
Bottom of the 4th over - 2 run(s), 1 hit(s), 0 error(s), 0 left on base; Bangor Trident Base 0 - Bakersfield 4
TOP OF THE 5TH
Bangor Trident Base Ogres batting - Pitching for Bakersfield Nobles : LHP Bryan Houston
Batting: SHB Bill Becker 0-0: Ball
1-0: Fly out, F7 (Line Drive, 78M)
Batting: RHB Gerardo Castillo 0-0: Ball
1-0: Ball
2-0: Called Strike
2-1: Foul Ball, location: 2F
2-2: Strikes out swinging
Batting: SHB Juan Ortega 0-0: Ball
1-0: Called Strike
1-1: Ball
2-1: Ball
3-1: Base on Balls
Batting: RHB Sang-yeon Kim 0-0: Ball
1-0: Called Strike
Pickoff Throw by Catcher to First - Error! E2
Juan Ortega to second
1-1: SINGLE (Groundball, 34D)
Juan Ortega to third
Runner from 3rd tries for Home, SAFE, no throw or cutoff
Batting: RHB Mike Lyon 0-0: Fly out, F9 (Flyball, 9LM)
Top of the 5th over - 1 run(s), 1 hit(s), 1 error(s), 1 left on base; Bangor Trident Base 1 - Bakersfield 4
BOTTOM OF THE 5TH
Bakersfield Nobles batting - Pitching for Bangor Trident Base Ogres : RHP Bob Warford
Batting: RHB Arnie Latham 0-0: Ball
1-0: Fly out, F3 (Line Drive, 3)
Batting: RHB Manuel Villarreal 0-0: Ball
1-0: Called Strike
1-1: Ball
2-1: Swinging Strike
2-2: Ball
3-2: Base on Balls
Batting: RHB Ted Cook 0-0: Foul Ball, location: 2F
0-1: Ground out 5-3 (Groundball, 5S)
Manuel Villarreal to second
Batting: LHB Jorge Pérez 0-0: Ball
1-0: Fly out, F8 (Flyball, 8LM)
Bottom of the 5th over - 0 run(s), 0 hit(s), 0 error(s), 1 left on base; Bangor Trident Base 1 - Bakersfield 4
TOP OF THE 6TH
Bangor Trident Base Ogres batting - Pitching for Bakersfield Nobles : LHP Bryan Houston
Batting: RHB Tom Baker 0-0: Foul Ball, location: 2F
0-1: Ground out 5-3 (Groundball, 5)
Batting: RHB Augusto Rocha 0-0: Ball
1-0: Called Strike
1-1: Ground out 5-3 (Groundball, 5L)
Batting: LHB Michael Smith 0-0: Ball
1-0: Called Strike
1-1: Ball
2-1: Fly out, F6 (Popup, 6D)
Top of the 6th over - 0 run(s), 0 hit(s), 0 error(s), 0 left on base; Bangor Trident Base 1 - Bakersfield 4
BOTTOM OF THE 6TH
Bakersfield Nobles batting - Pitching for Bangor Trident Base Ogres : RHP Bob Warford
Batting: LHB Gregg Young 0-0: Called Strike
0-1: DOUBLE (Line Drive, 9LS)
Batting: LHB Markus Richardson 0-0: Ball
1-0: Fly out, F7 (Flyball, 7M)
Batting: RHB Vincente Flores 0-0: Ball
1-0: Foul Ball, location: 2F
1-1: Called Strike
1-2: Strikes out swinging
Batting: LHB Emery Miller 0-0: Called Strike
0-1: Fly out, F8 (Flyball, 8LM)
Bottom of the 6th over - 0 run(s), 1 hit(s), 0 error(s), 1 left on base; Bangor Trident Base 1 - Bakersfield 4
TOP OF THE 7TH
Bangor Trident Base Ogres batting - Pitching for Bakersfield Nobles : LHP Bryan Houston
Batting: RHB Luis Hernández 0-0: Ball
1-0: Foul Ball, location: 2F
1-1: Foul Ball, location: 2F
1-2: Foul Ball, location: 2F
1-2: Ball
2-2: Strikes out looking
Batting: SHB Bill Becker 0-0: SINGLE (Groundball, 56) (infield hit)
Batting: RHB Gerardo Castillo 0-0: Ball
1-0: Grounds into double play, 6-4-3 (Groundball, 6)
Top of the 7th over - 0 run(s), 1 hit(s), 0 error(s), 0 left on base; Bangor Trident Base 1 - Bakersfield 4
BOTTOM OF THE 7TH
Bakersfield Nobles batting - Pitching for Bangor Trident Base Ogres : RHP Bob Warford
Batting: SHB León Estrada 0-0: Ball
1-0: Foul Ball, location: 2F
1-1: Called Strike
1-2: Fly out, F2 (Popup, 2LF)
Batting: RHB Arnie Latham 0-0: Swinging Strike
0-1: SINGLE (Flyball, 89S)
Pitching: RHP Rubén Sánchez
Batting: RHB Manuel Villarreal 0-0: Ball
1-0: Foul Ball, location: 2F
1-1: Ball
2-1: Ball
3-1: Foul Ball, location: 2F
3-2: Ground out 1-3 (Groundball, 15)
Arnie Latham to second
Batting: RHB Ted Cook 0-0: Swinging Strike
0-1: Ball
1-1: Ball
2-1: Ball
3-1: Swinging Strike
3-2: Base on Balls
Batting: LHB Jorge Pérez 0-0: Called Strike
0-1: SINGLE (Groundball, 13) (infield hit)
Arnie Latham to third
Ted Cook to second
Batting: LHB Gregg Young 0-0: SINGLE (Line Drive, 4M)
Arnie Latham scores
Ted Cook to third
Jorge Pérez to second
Runner from 3rd tries for Home, SAFE, no throw or cutoff
Batting: LHB Markus Richardson 0-0: Foul Ball, location: 2F
0-1: Ball
1-1: Ground out 6-3 (Groundball, 6)
Bottom of the 7th over - 2 run(s), 3 hit(s), 0 error(s), 2 left on base; Bangor Trident Base 1 - Bakersfield 6
TOP OF THE 8TH
Bangor Trident Base Ogres batting - Pitching for Bakersfield Nobles : LHP Bryan Houston
Batting: SHB Juan Ortega 0-0: Called Strike
0-1: Ball
1-1: Ball
2-1: Ball
3-1: Base on Balls
Pitching: RHP Larry Lee
Batting: RHB Sang-yeon Kim 0-0: Swinging Strike
0-1: Ball
1-1: Swinging Strike
1-2: Strikes out swinging
Batting: RHB Mike Lyon 0-0: Swinging Strike
0-1: Ball
1-1: Called Strike
1-2: Fly out, F7 (Popup, 78S)
Batting: RHB Tom Baker 0-0: Swinging Strike
0-1: DOUBLE (Groundball, 5L)
Juan Ortega to third
Runner from 3rd tries for Home, SAFE, no throw or cutoff
Batting: RHB Augusto Rocha 0-0: Called Strike
0-1: Called Strike
0-2: Foul Ball, location: 2F
0-2: Ball
1-2: Ground out 6-3 (Groundball, 6M)
Top of the 8th over - 1 run(s), 1 hit(s), 0 error(s), 1 left on base; Bangor Trident Base 2 - Bakersfield 6
BOTTOM OF THE 8TH
Bakersfield Nobles batting - Pitching for Bangor Trident Base Ogres : RHP Rubén Sánchez
Batting: RHB Vincente Flores 0-0: Swinging Strike
0-1: Fly out, F8 (Flyball, 89M)
Batting: LHB Emery Miller 0-0: Ball
1-0: Ball
2-0: Ball
3-0: Called Strike
3-1: Foul Ball, location: 2F
3-2: Base on Balls
Batting: SHB León Estrada 0-0: Ball
1-0: Ball
2-0: Foul Ball, location: 2F
2-1: Ball
Passed Ball!
Emery Miller to second
3-1: Swinging Strike
3-2: Base on Balls
Batting: RHB Arnie Latham 0-0: Ground out 5-3 (Groundball, 5S)
Emery Miller to third
León Estrada to second
Batting: RHB Manuel Villarreal 0-0: Ball
1-0: SINGLE (Line Drive, 6D)
Emery Miller scores
León Estrada to third
Runner from 3rd tries for Home, SAFE, throw made home
Pitching: RHP Dave Townend
Batting: RHB Ted Cook 0-0: Called Strike
0-1: Ball
1-1: Fly out, F7 (Flyball, 7M)
Bottom of the 8th over - 2 run(s), 1 hit(s), 0 error(s), 1 left on base; Bangor Trident Base 2 - Bakersfield 8
TOP OF THE 9TH
Bangor Trident Base Ogres batting - Pitching for Bakersfield Nobles : RHP Larry Lee
Batting: LHB Michael Smith 0-0: Called Strike
0-1: Ball
1-1: Ball
2-1: Foul Ball, location: 2F
2-2: Ball
3-2: Ground out 5-3 (Groundball, 5D)
Batting: RHB Luis Hernández 0-0: Ball
1-0: Called Strike
1-1: Foul Ball, location: 2F
1-2: Strikes out swinging
Batting: SHB Bill Becker 0-0: Called Strike
0-1: Ball
1-1: Ground out 6-3 (Groundball, 6M)
Top of the 9th over - 0 run(s), 0 hit(s), 0 error(s), 0 left on base; Bangor Trident Base 2 - Bakersfield 8
This league is powered by Out of the Park Baseball, the baseball management simulation game for PC, Mac and Linux
Friday, July 8th, 2016 - OOTP Baseball 16.9 Build 39